 Dungeon Crawl Stone Soup version 0.30-a0-782-ge64f9170bb (webtiles) character file.

Game seed: 16194063959149186384

5 Leeroy the Grasshopper (level 1, -1/11 HPs)
             Began as a Vine Stalker Warper on Mar 7, 2023.
             Slain by a goblin
             ... wielding a +0 club
              (3 damage)
             ... on level 1 of the Dungeon.
             The game lasted 00:00:18 (94 turns).

Leeroy the Grasshopper (Vine Stalker Warper)          Turns: 94, Time: 00:00:19

Health: -1/11      AC:  3    Str: 13    XL:     1   Next: 80%
Magic:  0/4        EV: 11    Int: 13    God:
Gold:   0          SH:  0    Dex: 13    Spells: 4/4 levels left

rFire   . . .      SeeInvis .    a - +0 falchion
rCold   . . .      Faith    .    (no shield)
rNeg    . . .      Spirit   +    b - +0 leather armour
rPois   .          Reflect  .    (no helmet)
rElec   .          Harm     .    (no cloak)
rCorr   .          Rampage  .    (no gloves)
Will    .....                    (no boots)
Stlth   +                        (no amulet)
HPRegen 0.21/turn                (no ring)
MPRegen 0.09/turn                (no ring)

@: no status effects
A: fangs 2, magic shield, antimagic bite, no potion heal 2
a: no special abilities


You were on level 1 of the Dungeon.
You visited 1 branch of the dungeon, and saw 1 of its levels.

Inventory:

Hand Weapons
 a - a +0 falchion (weapon)
Missiles
 d - 7 boomerangs of dispersal (quivered)
Armour
 b - a +0 leather armour (worn)
Scrolls
 c - a scroll of blinking
 g - a scroll of poison {unknown}
Potions
 e - a potion of curing {unknown}
 f - a potion of lignification {unknown}


   Skills:
 - Level 1.7 Fighting
 + Level 2.2 Long Blades
 - Level 0.8 Throwing
 - Level 0.7 Armour
 - Level 1.5 Dodging
 - Level 2.1 Spellcasting
 - Level 3.0 Translocations


You had 4 spell levels left.
You didn't know any spells.
Your spell library contained the following spells:

 Spells                   Type           Power      Damage    Failure   Level
 Blink                    Tloc           18%        N/A       14%         2
 Lesser Beckoning         Tloc           18%        N/A       14%         2
 Teleport Other           Tloc           9%         N/A       28%         3
 Vhi's Electric Charge    Tloc/Air       10%        N/A       45%         3
 Manifold Assault         Tloc           9%         N/A       67%         4


Dungeon Overview and Level Annotations

Branches:
Dungeon (1/15)

Altars:


Innate Abilities, Weirdness & Mutations

You have extremely sharp teeth.
When hurt, damage is shared between your health and your magic reserves.
Your bite disrupts and absorbs the magic of your enemies.
Potions cannot restore your health.


Message History

The endoplasm is heavily wounded.
The endoplasm closely misses you.
The kobold throws a stone.
The stone hits you but does no damage. The rat closely misses you.
You hit the endoplasm.
You kill the endoplasm!
The rat bites you.
You closely miss the kobold. The rat bites you but does no damage.
The kobold misses you. The goblin hits you but does no damage.
The kobold hits you with a +0 short sword.
The rat closely misses you.
You hit the kobold but do no damage.
A bat comes into view.
The kobold hits you with a +0 short sword.
The rat barely misses you. The goblin barely misses you.
The bat moves out of view.
You are too injured to fight recklessly!
You are too injured to fight recklessly!
You are too injured to fight recklessly!
You are too injured to fight recklessly!
You are too injured to fight recklessly!
You hit the rat.
The rat is moderately wounded.
The goblin hits you but does no damage. The rat misses you.
The kobold hits you with a +0 short sword.
You barely miss the rat. You bite the rat.
You kill the rat!
The goblin closely misses you. The goblin hits you with a +0 club.
The kobold hits you with a +0 short sword.
You closely miss the goblin.
A bat comes into view.
A giant cockroach comes into view.
The goblin hits you but does no damage. The goblin hits you with a +0 club.
* * * LOW HITPOINT WARNING * * *
The kobold closely misses you.
The bat moves out of view.
You hit the goblin.
You kill the goblin!
The kobold hits you but does no damage. The bat hits you.
* * * LOW HITPOINT WARNING * * *
The goblin hits you but does no damage. The kobold hits you but does no damage.
The goblin hits you with a +0 club.
You die...

...... ......#
......B .....!.
.......
.......#### #
......b†..## .#
......K@..|#####.#
......g..........#
#+###............#
##+....⌠.....#
##.........# ###
###....#.## #..
#....#.###.# #.#
##...#..... #..
#+....#


You could see a giant cockroach, a goblin, a bat and a kobold.

Vanquished Creatures
  A ball python (D:1)
  An endoplasm (D:1)
  A quokka (D:1)
  A goblin (D:1)
  2 rats (D:1)
6 creatures vanquished.

Notes
Turn   | Place    | Note
-------+----------+-------------------------------------------
     0 | D:1      | Leeroy the Vine Stalker Warper began the quest for the Orb.
     0 | D:1      | Reached XP level 1. HP: 11/11 MP: 4/4
    94 | D:1      | Slain by a goblin

Illustrated notes

Levels and vault maps discovered:
D:1:      nicolae_arrival_somewhat_less_tricky_arrival, layout_rooms,
          minmay_misc_feat_alley, dreamdust_mushroom_princess

Skill      XL: |  1 |
---------------+----+-----
Long Blades    | 2 |  2.2
Fighting       | |  1.7
Throwing       | |  0.8
Armour         | |  0.7
Dodging        | |  1.5
Spellcasting   | |  2.1
Translocations | |  3.0

Action                     || total
---------------------------++-------
  Melee: Falchion          ||    15
         Bite              ||     3
 Armour: Leather armour    ||    13
  Dodge: Dodged            ||    16

Table legend: (Time is in decaauts)
 A = Elapsed time spent in this place.
 B = Non-inter-level travel time spent in this place.
 C = Inter-level travel time spent in this place.
 D = Time resting spent in this place.
 E = Time spent auto-exploring this place.
 F = Levels seen in this place.
 G = Mean time per level.
                   A        B        C        D        E       F      G
               +--------+--------+--------+--------+--------+-----+--------+
         Total |     96 |     96 |      0 |      0 |     67 |   1 |   96.0 |
       Dungeon |     96 |     96 |      0 |      0 |     67 |   1 |   96.0 |
               +--------+--------+--------+--------+--------+-----+--------+

Top non-repeatable levels by time:
     D:1: 96 daAuts
